 Dungeon Crawl Stone Soup version 0.31-a0-1-g4198be8af4 (webtiles) character file.

Game seed: 15469338263014404688

4236 jasper the Cleaver (level 10, 0/115 HPs)
             Began as a Demonspawn Cinder Acolyte on May 1, 2023.
             Was a Priest of Ignis.
             Slain by Grum
             ... wielding a +1 heavy spear
              (19 damage)
             ... on level 8 of the Dungeon.
             The game lasted 00:09:57 (7017 turns).

jasper the Cleaver (Demonspawn Cinder Acolyte)      Turns: 7017, Time: 00:09:58

Health: 0/115      AC: 17    Str: 24    XL:     10   Next: 9%
Magic:  11/11      EV:  9    Int: 17    God:    Ignis [***...]
Gold:   351        SH:  2    Dex:  8    Spells: 11/11 levels left

rFire   + + +        n - +8 war axe "Visegh" {freeze, rF+ rC+}
rCold   . . .        o - +0 buckler
rNeg    . . .        E - +0 fire dragon scales
rPois   +            (helmet restricted)
rElec   .            G - +1 cloak {rPois}
rCorr   .            L - +0 pair of gloves
SInv    .            K - +3 pair of seven-league boots {Rampage+∞}
Will    .....        (no amulet)
Stlth   x              - ring of poison resistance
HPRegen 0.39/turn    H - +6 ring of strength
MPRegen 0.12/turn

%: rampage+∞
@: berserking, very quick
A: antennae 2, demonic guardian 1, powered by pain 1
a: Renounce Religion, Fiery Armour, Foxfire Swarm, Rising Flame


You were on level 8 of the Dungeon.
You worshipped Ignis.
Ignis was most pleased with you.
You visited 1 branch of the dungeon, and saw 8 of its levels.

You collected 441 gold pieces.
You spent 90 gold pieces at shops.

Inventory:

Hand Weapons
 a - a -1 hand axe of flaming
 f - a +0 executioner's axe of freezing
 n - the +8 war axe "Visegh" (weapon) {freeze, rF+ rC+}
   (You found it on level 2 of the Dungeon)

   rF:        It protects you from fire.
   rC:        It protects you from cold.
 B - a +0 war axe of venom
Missiles
 c - 4 javelins (quivered)
 j - 28 poisoned darts
 q - a throwing net
 y - 3 curare-tipped darts
Armour
 b - a +0 robe
 d - a +0 scale mail
 l - a +0 cloak
 o - a +0 buckler (worn)
 s - a +0 pair of gloves
 E - +0 fire dragon scales (worn)
 G - a +1 cloak of poison resistance (worn)
 J - a +2 scale mail of fire resistance
 K - the +3 pair of seven-league boots (worn) {Rampage+∞}
   (You acquired it on level 7 of the Dungeon)

   Rampage+∞: When moving toward enemies, its wearer moves as far as possible.
 L - a +0 pair of gloves (worn)
Jewellery
 x - a ring of poison resistance (left hand)
 H - a +6 ring of strength (right hand)
Wands
 w - a wand of digging (12)
 C - a wand of mindburst (13)
 D - a wand of charming (12)
 F - a wand of flame (22)
 I - a wand of iceblast (46)
Scrolls
 g - 3 scrolls of fear
 m - 2 scrolls of teleportation
 r - 2 scrolls of vulnerability
 z - a scroll of poison {unknown}
 A - 3 scrolls of magic mapping
 M - 2 scrolls of identify
Potions
 h - a potion of lignification
 i - 7 potions of degeneration
 k - a potion of flight
 p - 5 potions of curing {unknown}
 t - 4 potions of attraction {unknown}
 u - 3 potions of mutation {unknown}
 v - 2 potions of heal wounds {unknown}
Miscellaneous
 N - a lightning rod (4/4)


   Skills:
 + Level 6.8 Fighting
 * Level 11.2 Axes
 + Level 5.4 Armour
 - Level 1.0 Spellcasting
 - Level 2.6 Fire Magic


You had 11 spell levels left.
You didn't know any spells.
Your spell library contained the following spells:

 Spells                   Type           Power      Damage    Failure   Level
 Scorch                   Fire           18%        2d5       36%         2
 Freeze                   Ice            0%         1d3       58%         1
 Lesser Beckoning         Tloc           0%         N/A       73%         2
 Ignite Poison            Fire/Tmut/Pois 3%         N/A       83%         3
 Frozen Ramparts          Ice            0%         1d1       91%         3
 Gell's Gravitas          Tloc           0%         N/A       91%         3
 Hailstorm                Conj/Ice       0%         3d3       91%         3
 Teleport Other           Tloc           0%         N/A       91%         3
 Sticky Flame             Conj/Fire      5%         2d3       99%         4
 Animate Dead             Necr           0%         N/A       100%        4
 Haunt                    Necr/Summ      0%         N/A       100%        7
 Ignition                 Fire           4%         3d4       100%        8
 Infestation              Necr           0%         N/A       100%        8


Dungeon Overview and Level Annotations

Branches:
Dungeon (8/15)             Temple (0/1) D:7
   Lair: D:8-11

Altars:
Ashenzari
Gozag
Kikubaaqudgha
Sif Muna
Vehumet

Shops:
D:2 [[=

Annotations:
D:8 Grum


Innate Abilities, Weirdness & Mutations

You have a pair of antennae on your head.
A weak demonic guardian rushes to your aid.
You sometimes gain a little power by taking damage.


Message History

The wolf bites you.
You take 9 damage, and have 59/77 hp.
The wolf attacks as you move away! The wolf closely misses you.
You block Grum's attack. The wolf bites you but does no damage.
The wolf barely misses you. The wolf attacks as you move away!
The wolf bites you! The wolf attacks as you move away!
The wolf bites you but does no damage. The wolf completely misses you.
You take 8 damage, and have 51/77 hp.
You open the door. You block the wolf's attack.
Grum hits you from afar with a +1 heavy spear.
The wolf bites you! The wolf closely misses you.
You take 12 damage, and have 39/77 hp.
The wolf attacks as you move away! The wolf completely misses you.
The wolf attacks as you move away! You block the wolf's attack. x2
There is an open door here.
A red film seems to cover your vision as you go berserk!
You feel yourself moving faster!
You feel mighty!
Grum hits you from afar with a +1 heavy spear!!
The wolf barely misses you. The wolf bites you.
You now have 40/115 hp.
You miss the wolf.
The wolf is lightly wounded.
Grum hits you from afar with a +1 heavy spear!
* * * LOW HITPOINT WARNING * * *
The wolf closely misses you.
You take 10 damage, and have 30/115 hp.
You barely miss the wolf.
The wolf is lightly wounded.
The wolf bites you but does no damage.
Grum hits you from afar with a +1 heavy spear!
* * * LOW HITPOINT WARNING * * *
A demonic guardian appears!
You take 12 damage, and have 18/115 hp.
You slice the wolf!! You freeze the wolf!
You kill the wolf!
You slice the wolf!! You freeze the wolf.
You kill the wolf!
Grum hits you from afar with a +1 heavy spear!!
You die...

#### ....... #...
........ #...
............+...
............#..5
............#...#####+##
....##......#...@h.....#
....##....# ######g....#
....##....# #...##...$.#
....#.....# ....§......#
....'.....# ....##.....#
######....# ... #.....#
....##....# . +.....#
###.##....# { #.....#
.##..#....########.....#


You could see Grum (berserk), a wolf and a friendly shadow imp (summoned).

Vanquished Creatures
  A troll (D:8)
  Grinder (D:5)
  A slime creature (D:8)
  A wyvern (D:8)
  A steam dragon (D:8)
  5 yaks (D:8)
  A vampire mosquito (D:8)
  Edmund (D:6)
  A sky beast (D:7)
  An ice beast (D:7)
  A black bear (D:5)
  3 ogres
  3 centaurs
  2 wolves (D:8)
  A phantom (D:4)
  2 kobold brigands
  2 scorpions (D:5)
  7 wights (D:8)
  An electric eel (D:7)
  3 howler monkeys (D:8)
  Crazy Yiuf (D:5)
  A gnoll bouda (D:6)
  An iguana (D:6)
  Jessica (D:2)
  Natasha (thrice) (D:2)
  A sleepcap (D:6)
  2 orc wizards (D:3)
  7 gnolls
  9 adders
  A shadow imp (D:5)
  2 white imps
  3 ufetubi
  2 worms
  2 dart slugs
  8 orcs
  7 bats
  8 endoplasms
  7 giant cockroaches
  13 goblins
  10 hobgoblins
  2 jackals (D:3)
  14 kobolds
  4 quokkas
  6 ball pythons
  7 frilled lizards
  8 rats
169 creatures vanquished.

Vanquished Creatures (collateral kills)
  A centaur (D:7)
  A phantom (D:4)
  A hound (D:7)
  An ufetubus (D:5)
4 creatures vanquished.

Grand Total: 173 creatures vanquished

Notes
Turn   | Place    | Note
-------+----------+-------------------------------------------
     0 | D:1      | jasper the Demonspawn Cinder Acolyte began the quest for
                  | the Orb.
     0 | D:1      | Reached XP level 1. HP: 18/18 MP: 2/2
    46 | D:1      | Reached skill level 3 in Axes
    57 | D:1      | Gained mutation: You have a pair of small antennae on your
                  | head. [demonic ancestry]
    57 | D:1      | Reached XP level 2. HP: 13/24 MP: 3/3
   489 | D:1      | Reached XP level 3. HP: 26/29 MP: 4/4
   751 | D:2      | Noticed Natasha
   807 | D:2      | Reached skill level 4 in Axes
   810 | D:2      | Killed Natasha
   877 | D:3      | Reached XP level 4. HP: 23/35 MP: 5/5
  1053 | D:2      | Identified the +0 ring mail of Quamow {rC+ rCorr Str-5
                  | Dex+3}
  1207 | D:2      | Noticed Natasha
  1214 | D:2      | Killed Natasha
  1215 | D:2      | Reached skill level 5 in Axes
  1220 | D:2      | Noticed Natasha
  1228 | D:2      | Killed Natasha
  1229 | D:2      | Gained mutation: You have a pair of antennae on your head.
                  | [demonic ancestry]
  1229 | D:2      | Reached XP level 5. HP: 24/41 MP: 6/6
  1355 | D:2      | Identified the +8 war axe "Visegh" {freeze, rF+ rC+}
  1424 | D:2      | Found Horidd's Armour Shop.
  1427 | D:2      | Bought a +0 buckler for 45 gold pieces
  1481 | D:2      | Found Hyimp's Jewellery Emporium.
  1509 | D:2      | Found Tomiof's Armour Shop.
  1511 | D:2      | Noticed Jessica
  1519 | D:2      | Killed Jessica
  1528 | D:2      | Bought a +0 pair of gloves for 45 gold pieces
  1873 | D:3      | Reached skill level 6 in Axes
  2195 | D:3      | Identified a scroll of acquirement
  2195 | D:3      | Acquired a +0 executioner's axe of freezing
  2290 | D:4      | Gained mutation: A weak demonic guardian rushes to your
                  | aid. [demonic ancestry]
  2290 | D:4      | Reached XP level 6. HP: 47/47 MP: 7/7
  2932 | D:4      | Reached skill level 7 in Axes
  3070 | D:4      | Found a shimmering blue altar of Sif Muna.
  3100 | D:4      | Gained mutation: You sometimes gain a little power by
                  | taking damage. [demonic ancestry]
  3100 | D:4      | Reached XP level 7. HP: 30/52 MP: 8/8
  3282 | D:5      | Entered Level 5 of the Dungeon
  3430 | D:5      | Reached skill level 8 in Axes
  3705 | D:5      | Found an ancient bone altar of Kikubaaqudgha.
  3810 | D:5      | Noticed Grinder
  3817 | D:5      | Killed Grinder
  3818 | D:5      | Reached skill level 1 in Armour
  3975 | D:5      | Reached XP level 8. HP: 58/59 MP: 9/9
  4238 | D:5      | Found a runed translucent door.
  4239 | D:5      | Noticed Crazy Yiuf
  4302 | D:5      | Killed Crazy Yiuf
  4413 | D:6      | Found a radiant altar of Vehumet.
  4714 | D:6      | Found an opulent altar of Gozag.
  4767 | D:6      | Noticed Edmund
  4791 | D:6      | Killed Edmund
  4792 | D:6      | Reached skill level 9 in Axes
  5378 | D:7      | Found a broken altar of Ashenzari.
  5814 | D:7      | Found a staircase to the Ecumenical Temple.
  5823 | D:7      | Reached skill level 5 in Fighting
  5909 | D:7      | Reached XP level 9. HP: 68/68 MP: 10/10
  6339 | D:7      | Acquired the +3 pair of seven-league boots {Rampage+∞}
  6339 | D:7      | Found the +3 pair of seven-league boots {Rampage+∞}
  6484 | D:8      | Reached skill level 10 in Axes
  6762 | D:8      | Noticed a troll
  6779 | D:8      | Killed a troll
  6780 | D:8      | Reached skill level 5 in Armour
  6783 | D:8      | Reached skill level 11 in Axes
  6906 | D:8      | Reached XP level 10. HP: 77/77 MP: 11/11
  7001 | D:8      | Noticed Grum
  7017 | D:8      | Slain by Grum

Illustrated notes

Levels and vault maps discovered:
D:1:      dpeg_arrival_arbitrary_c, layout_basic, minmay_octomino_j4
D:2:      layout_rooms, serial_shops, shop,
          nicolae_shop_temple_entry_statues_fountains,
          nicolae_shop_tiny_real_fake_doors, uniq_jessica, uniq_natasha
D:3:      layout_basic
D:4:      layout_basic, nicolae_sif_muna_little_library, serial_curves,
          eino_curves_03, eino_curves_01, columned_hall_lemuel,
          grunt_ministairs_7
D:5:      layout_cave_pods, mainiacjoe_overflow_alcove_1,
          uniq_crazy_yiuf_cottage, uniq_grinder
D:6:      layout_basic, grunt_gozag_breadcrumbs,
          mainiacjoe_overflow_small_starburst, kennysheep_dice, uniq_edmund
D:7:      layout_loops_ring, ashenzari_conservatory_becter,
          minmay_temple_entry_statues_fountains, kennysheep_minor_cross
D:8:      wad_crossroads, layout_gridville, minmay_radiant, uniq_grum

Skill      XL: |  1  2  3  4  5  6  7  8  9 |
---------------+----------------------------+-----
Axes           | 3 4 5 6 7 8 9 11 | 11.2
Armour         | 1 3 5 |  5.4
Fighting       | 5 6 |  6.8
Spellcasting   | |  1.0
Fire Magic     | |  2.6

Action                     |  1- 3 |  4- 6 |  7- 9 | 10-12 || total
---------------------------+-------+-------+-------+-------++-------
  Melee: Hand axe          |   103 |    44 |       |       ||   147
         War axe           |       |    93 |   176 |    19 ||   288
  Throw: Dart              |       |     6 |       |       ||     6
         Javelin           |       |     1 |       |       ||     1
 Invoke: Fiery Armour      |     1 |     1 |     4 |       ||     6
  Evoke: Wand              |       |       |     2 |       ||     2
    Use: Scroll            |       |     9 |     7 |       ||    16
         Potion            |       |       |       |     1 ||     1
 Armour: Robe              |    17 |       |       |       ||    17
         Scale mail        |    32 |    60 |    71 |       ||   163
         Fire dragon scale |       |       |    43 |    17 ||    60
  Dodge: Dodged            |    67 |    60 |    95 |    16 ||   238
  Block: Buckler           |       |     6 |    22 |     6 ||    34

Table legend: (Time is in decaauts)
 A = Elapsed time spent in this place.
 B = Non-inter-level travel time spent in this place.
 C = Inter-level travel time spent in this place.
 D = Time resting spent in this place.
 E = Time spent auto-exploring this place.
 F = Levels seen in this place.
 G = Mean time per level.
                   A        B        C        D        E       F      G
               +--------+--------+--------+--------+--------+-----+--------+
         Total |   7065 |   6785 |    280 |     77 |   5223 |   8 |  883.1 |
       Dungeon |   7065 |   6785 |    280 |     77 |   5223 |   8 |  883.1 |
               +--------+--------+--------+--------+--------+-----+--------+

Top non-repeatable levels by time:
     D:4: 1080 daAuts
     D:7: 1080 daAuts
     D:5: 1066 daAuts
     D:6: 975 daAuts
     D:1: 802 daAuts
     D:3: 751 daAuts
     D:2: 689 daAuts
     D:8: 620 daAuts
